 Dungeon Crawl Stone Soup version 0.15-a0-672-g38fd0bf (console) character file.

5008 Kellhus the Conjurer (level 10, -5/63 HPs)
             Began as a Mummy Wizard on May 8, 2014.
             Was an Initiate of Gozag.
             Killed from afar by Urug (20 damage)
             ... with a wand of lightning
             ... on Level 10 of the Dungeon.
             The game lasted 00:23:31 (11798 turns).

Kellhus the Conjurer (Mummy Wizard)                Turns: 11798, Time: 00:23:31

HP  -5/63        AC  7     Str 10      XL: 10   Next: 29%
MP  17/23        EV 12     Int 20      God: Gozag
Gold 505         SH  0     Dex 10      Spells:  5 memorised,  9 levels left

rFire  x . .     SeeInvis .     b - +3,+2 whip (elec)
rCold  + + .     Clarity  .     v - +1 robe {MR+}
rNeg   + + +     Conserve .     (no shield)
rPois  +         rCorr    .     u - +0 hat
rElec  .         rRot     +     (no cloak)
SustAb . .       Spirit   .     n - +1 pair of gloves
rMut   .         Warding  .     y - +1 pair of boots
Saprov . . .     Stasis   .     (no amulet)
MR     ++...                    w - ring of stealth
                                m - ring of protection from cold

@: repel missiles, very resistant to hostile enchantments, fairly stealthy
A: no food or potions, fire vulnerability, restore body, cold resistance 1, life
protection 3, poison resistance, torment resistance, unbreathing
a: Potion Petition, Call Merchant, Bribe Branch, Renounce Religion


You were on level 10 of the Dungeon.
You worshipped Gozag.
Gozag was noncommittal.
You were not hungry.

You visited 2 branches of the dungeon, and saw 11 of its levels.

You collected 668 gold pieces.
You paid 163 gold pieces to Gozag.

Inventory:

Hand weapons
 a - a +2,+0 short sword of venom
 b - a +3,+2 whip of electrocution (weapon)
 e - a +0,+1 hand axe of chopping
 z - a +3,+3 morningstar
Armour
 d - a cursed +0 robe
 n - a +1 pair of gloves (worn)
 u - a +0 hat (worn)
 v - a +1 robe of magic resistance (worn)
 y - a +1 pair of boots (worn)
Magical devices
 j - a wand of fire (10) {unknown}
 x - a wand of polymorph (13)
Scrolls
 f - 7 scrolls of identify
 g - a scroll of blinking
 h - 2 scrolls of noise
 i - 3 scrolls of remove curse
 k - 2 scrolls of immolation
 l - 5 scrolls of teleportation
Jewellery
 m - a ring of protection from cold (left hand)
 w - a ring of stealth (right hand)
Books
 c - a book of Minor Magic

   Spells                             Type                      Level
   *Magic Dart                        Conjuration                  1
   *Blink                             Translocation                2
   Call Imp                           Summoning                    2
   *Repel Missiles                    Charms/Air                   2
   Slow                               Hexes                        2
   *Conjure Flame                     Conjuration/Fire             3
   *Mephitic Cloud                    Conjuration/Poison/Air       3


   Skills:
 + Level 8.4 Maces & Flails
 - Level 1.5 Dodging
 - Level 1.5 Stealth
 - Level 5.6 Spellcasting
 - Level 8.6 Conjurations
   Level 0.7 Summonings
 - Level 0.7 Translocations


You had 9 spell levels left.
You knew the following spells:

 Your Spells              Type           Power        Failure   Level  Hunger
a - Magic Dart            Conj           ####         1%          1    N/A
b - Conjure Flame         Conj/Fire      ###.....     8%          3    N/A
c - Mephitic Cloud        Conj/Pois/Air  ###.....     12%         3    N/A
d - Blink                 Tloc           N/A          14%         2    N/A
r - Repel Missiles        Chrm/Air       #.....       21%         2    N/A

Dungeon Overview and Level Annotations

Branches:
Dungeon (10/15)            Temple (1/1) D:4
    Orc: D:9-12        Lair: D:8-11

Altars:
Ashenzari
Cheibriados
Dithmenos
Fedhas
Gozag
Kikubaaqudgha
Makhleb
Nemelex Xobeh
Okawaru
Qazlal
Sif Muna
Trog
Vehumet
Xom
Yredelemnul
Zin
The Shining One

Annotations:
D:10 Urug


Innate Abilities, Weirdness & Mutations

You do not eat or drink.
Your flesh is vulnerable to fire.
Your flesh is cold resistant.
You are immune to negative energy.
Your system is resistant to poisons.
You are immune to unholy pain and torment.
You can survive without breathing.


Message History

Casting: Magic Dart
Confirm with . or Enter, or press ? or * to list all spells.
Aiming: Mephitic Cloud
Press: ? - help, Shift-Dir - straight line, f - Urug
Aim: Urug, wielding a great mace, wearing a glowing ring mail and carrying a wand of lightning {zapped: 3} The beam explodes into a vile cloud!
The stinking cloud engulfs Urug.
Urug throws a javelin of returning.
The javelin of returning hits you!
The weapon returns to Urug!
Urug zaps a wand.
The bolt of lightning hits you! The bolt of lightning hits you!
* * * LOW HITPOINT WARNING * * *
Casting: Mephitic Cloud
Confirm with . or Enter, or press ? or * to list all spells.
Aiming: Mephitic Cloud
Press: ? - help, Shift-Dir - straight line, f/p - Urug
Aim: Urug, wielding a great mace, wearing a glowing ring mail and carrying a wand of lightning {zapped: 4} (noxious fumes)
The beam explodes into a vile cloud!
The stinking cloud engulfs Urug.
Urug zaps a wand.
The bolt of lightning hits you!
You die...
Your body crumbles into a pile of gold.

###########
........<.#
........@.#
.......§§§#
......§o§#
......§§§#
.........#
........#
....>..#
####+## $


You could see Urug.

Vanquished Creatures
  Pikel (D:7)
  Joseph (D:9)
  The ghost of TZer0alt the Shield-Bearer, an experienced FoFi of Qazlal (D:3)
  A deep elf mage (D:9)
  A wraith (D:8)
  A wyvern (D:9)
  An ogre (D:7)
  3 water moccasins
  2 ice beasts
  3 phantoms
  2 slaves (D:7)
  4 centaurs
  2 necrophages (D:8)
  A big kobold (D:8)
  2 giant frogs
  2 scorpions
  A water moccasin skeleton (D:9)
  10 wights
  4 killer bees (D:7)
  A yak skeleton (D:7)
  A goliath beetle (D:9)
  A giant frog zombie (D:8)
  A jelly (D:8)
  An orc priest (D:5)
  A hound (D:9)
  3 human zombies (D:8)
  A human skeleton (D:8)
  4 iguanas
  5 worker ants
  4 orc wizards
  Natasha (thrice) (D:6)
  An orange rat (D:9)
  A sky beast zombie (D:5)
  A big kobold skeleton (D:8)
  An ogre skeleton (D:7)
  2 mummies (D:8)
  5 gnolls
  5 green rats (D:9)
  5 adders
  A shadow imp (D:9)
  3 giant mites
  5 worms
  4 giant geckos
  14 orcs
  A bat zombie (D:6)
  11 goblins
  13 hobgoblins
  12 jackals
  3 quokkas
  17 bats
  6 giant cockroaches
  6 giant newts
  17 kobolds
  An orc skeleton (D:9)
  An orc zombie (D:8)
  20 rats
225 creatures vanquished.

Vanquished Creatures (others)
  2 slaves (D:7)
  A hound (D:7)
  A kobold zombie (D:7)
  A rat (D:7)
5 creatures vanquished.

Grand Total: 230 creatures vanquished

Notes
Turn   | Place    | Note
--------------------------------------------------------------
     0 | D:1      | Kellhus, the Mummy Wizard, began the quest for the Orb.
     0 | D:1      | Reached XP level 1. HP: 13/13 MP: 4/4
    16 | D:1      | Reached skill level 1 in Conjurations
   247 | D:1      | Reached XP level 2. HP: 19/19 MP: 3/6
   974 | D:2      | Found a burning altar of Makhleb.
   978 | D:2      | Noticed an Executioner
  1134 | D:2      | Reached XP level 3. HP: 16/24 MP: 0/7
  1370 | D:2      | Found a glowing golden altar of the Shining One.
  1899 | D:3      | Reached XP level 4. HP: 30/30 MP: 1/9
  2201 | D:3      | Noticed TZer0alt's ghost (experienced FoFi)
  2364 | D:2      | Learned a level 3 spell: Conjure Flame
  2368 | D:2      | Learned a level 3 spell: Mephitic Cloud
  2405 | D:3      | Killed TZer0alt's ghost
  2405 | D:3      | Reached skill level 5 in Conjurations
  2405 | D:3      | Reached XP level 5. HP: 19/35 MP: 0/11
  2405 | D:3      | Reached XP level 6. HP: 22/41 MP: 0/12
  3101 | D:4      | Reached skill level 6 in Conjurations
  3198 | D:4      | Found a staircase to the Ecumenical Temple.
  3212 | Temple   | Entered the Ecumenical Temple
  3729 | D:4      | Reached XP level 7. HP: 42/46 MP: 9/14
  3760 | D:4      | Found a stormy altar of Qazlal.
  4157 | D:5      | Entered Level 5 of the Dungeon
  4503 | D:5      | Learned a level 2 spell: Repel Missiles
  4540 | D:5      | Reached skill level 5 in Spellcasting
  4829 | D:5      | Found a shimmering altar of Xom.
  4845 | D:5      | You fall through a shaft!
  5232 | D:5      | Found a stormy altar of Qazlal.
  5613 | D:6      | Reached XP level 8. HP: 52/52 MP: 8/20
  5993 | D:6      | Reached skill level 7 in Conjurations
  6183 | D:6      | Found a snail-covered altar of Cheibriados.
  6196 | D:6      | Noticed Natasha
  6202 | D:6      | Killed Natasha
  6243 | D:6      | Noticed Natasha
  6249 | D:6      | Killed Natasha
  6333 | D:6      | Found an opulent altar of Gozag.
  6334 | D:6      | Found a shimmering altar of Xom.
  6342 | D:6      | Became a worshipper of Gozag Ym Sagoz the Greedy
  6686 | D:7      | Noticed Pikel
  6694 | D:7      | Killed Pikel
  6694 | D:7      | Reached skill level 8 in Conjurations
  7140 | D:7      | Reached skill level 1 in Maces & Flails
  7241 | D:7      | Reached XP level 9. HP: 50/57 MP: 15/21
  7265 | D:7      | Found a staircase to the Ecumenical Temple.
  7431 | D:7      | the staircase to the Ecumenical Temple was a mimic.
  7590 | D:6      | Noticed Natasha
  7590 | D:6      | Killed Natasha
  7846 | D:7      | Found a bloodstained altar of Trog.
  7847 | D:7      | Found an iron altar of Okawaru.
  8140 | D:8      | Reached skill level 5 in Maces & Flails
  8927 | D:8      | Learned a level 2 spell: Blink
  9318 | D:8      | Found a shattered altar of Ashenzari.
  9539 | D:8      | Found a basalt altar of Yredelemnul.
 10400 | D:9      | Reached XP level 10. HP: 42/63 MP: 15/23
 10956 | D:9      | Noticed Joseph
 10975 | D:9      | Killed Joseph
 11487 | D:10     | Entered Level 10 of the Dungeon
 11487 | D:10     | Noticed Urug
 11798 | D:10     | Killed from afar by Urug

Action                   |  1- 3 |  4- 6 |  7- 9 | 10-12 || total
-------------------------+-------+-------+-------+-------++-------
Melee: Short sword       |    20 |    30 |    38 |     5 ||    93
       Whip              |       |       |   100 |    21 ||   121
 Cast: Magic Dart        |    88 |    67 |   489 |    80 ||   724
       Conjure Flame     |       |     3 |    18 |     1 ||    22
       Mephitic Cloud    |       |       |    12 |     8 ||    20
       Repel Missiles    |       |       |     1 |       ||     1
  Use: Scroll            |       |       |    14 |     1 ||    15
 Stab: Confused          |       |       |     3 |     2 ||     5
       Sleeping          |       |       |     3 |       ||     3
